 Dungeon Crawl Stone Soup version 0.31-a0-532-g28f74ba3e5 (webtiles) character file.

Game seed: 6000450705407567762

411 mopl the Vexing (level 6, -5/35 HPs)
             Began as a Deep Elf Enchanter on Aug 12, 2023.
             Killed from afar by Sigmund (9 damage)
             ... with a puff of flame
             ... on level 4 of the Dungeon.
             The game lasted 00:03:33 (2545 turns).

mopl the Vexing (Deep Elf Enchanter)                Turns: 2545, Time: 00:03:33

Health: -5/35      AC:  5    Str:  5    XL:     6   Next: 58%
Magic:  15/15      EV: 12    Int: 22    God:
Gold:   125        SH:  0    Dex: 15    Spells: 6/14 levels left

rFire   . . .        a - +0 dagger (venom)
rCold   + . .        (no shield)
rNeg    . . .        v - +2 robe {rC+}
rPois   +            (no helmet)
rElec   .            (no cloak)
rCorr   .            h - +0 pair of gloves
SInv    .            (no boots)
Will    .....        (no amulet)
Stlth   +++          o - ring of poison resistance
HPRegen 0.25/turn    (no ring)
MPRegen 0.14/turn

%: no passive effects
@: no status effects
A: no striking features
a: no special abilities


You were on level 4 of the Dungeon.
You visited 1 branch of the dungeon, and saw 4 of its levels.

You collected 125 gold pieces.

Inventory:

Hand Weapons
 a - a +0 dagger of venom (weapon)
 n - a +1 dagger
Missiles
 g - 2 darts of dispersal
Armour
 h - a +0 pair of gloves (worn)
 v - a +2 robe of cold resistance (worn)
Jewellery
 o - a ring of poison resistance (left hand)
 q - an amulet of faith {!P}
Scrolls
 d - 4 scrolls of identify {unknown}
 j - a scroll of torment {unknown}
 k - 2 scrolls of teleportation {unknown}
 l - a scroll of enchant armour {unknown}
 m - a scroll of immolation
 s - a scroll of blinking {unknown}
 t - a scroll of fear {unknown}
Potions
 c - 2 potions of invisibility
 e - a potion of might {unknown}
 f - 2 potions of brilliance {unknown}
 i - 3 potions of curing {unknown}
 p - a potion of enlightenment {unknown}
 r - 2 potions of attraction {unknown}
 u - a potion of cancellation {unknown}


   Skills:
 + Level 2.2 Fighting
 + Level 3.0 Short Blades
 - Level 2.4 Dodging
 + Level 5.4 Stealth
 + Level 4.9 Spellcasting
 + Level 5.6 Hexes


You had 6 spell levels left.
You knew the following spells:

 Your Spells              Type           Power      Damage    Failure   Level
b - Ensorcelled Hibernat  Hex/Ice        34%        N/A       4%          2
c - Confusing Touch       Hex            30%        N/A       3%          3
d - Tukima's Dance        Hex            30%        N/A       3%          3

Your spell library contained the following spells:

 Spells                   Type           Power      Damage    Failure   Level
 Dazzling Flash           Conj/Hex       34%        N/A       10%         3


Dungeon Overview and Level Annotations

Branches:
Dungeon (4/15)
 Temple: D:4-7

Altars:
Xom

Shops:
D:2 :

Annotations:
D:4 Sigmund


Message History

Sigmund the Dreaded comes into view.
He is wielding a +0 scythe and wearing a +2 robe of positive energy.
Sigmund shouts!
Sigmund hits you from afar with a +0 scythe!
The scorpion attacks as you move away! The scorpion closely misses you.
Sigmund screams, "Die, monster!"
Sigmund mumbles some strange words.
Sigmund flickers and vanishes!
Deactivating autopickup; reactivate with Ctrl-A.
The scorpion stings you.
A magic dart appears from out of thin air!
The magic dart hits you. The scorpion attacks as you move away!
The scorpion misses you. The scorpion attacks as you move away!
The scorpion barely misses you. The scorpion closely misses you.
The scorpion attacks as you move away! The scorpion barely misses you.
Casting: Ensorcelled Hibernation (safe; 4% risk of failure)
Confirm with . or Enter, or press ? or * to list all spells.
Aiming: Ensorcelled Hibernation (safe; 4% risk of failure)
Press: ? - help, Shift-Dir - straight line, f - scorpion
Aim: a scorpion (chance to affect: 50%)
The scorpion looks drowsy...
The dart slug launches a dart at you. The slug dart hits you.
Unknown command.
The helpless scorpion fails to defend itself.
You impale the scorpion!!
You kill the scorpion!
Your Short Blades skill increases to level 3!
There is a stone staircase leading down here.
A puff of flame appears from out of thin air!
The puff of flame hits you!
A puff of flame appears from out of thin air!
The puff of flame hits you!
* * * LOW HITPOINT WARNING * * *
A magic dart appears from out of thin air!
The magic dart hits you.
* * * LOW HITPOINT WARNING * * *
A puff of flame appears from out of thin air!
The puff of flame hits you!
You die...

........)...........#........###.
....................#.#.#......#.
.............#.#....#.#..>###....
..........##.#.#....#.#{.........
..........##.#.#.................
..........##[#.#.................
......####....<#................#
......####.....#...........##...#
..#............#@####...#####...#
..#............#.# ##............
.............#.#.................
.......#...###.#.................
.......'....##...................
.......#...............#.........
.......#.....>...........#.######
+#.....#...............###.# #..
.#.....##........#####.....#....


There were no monsters in sight!

Vanquished Creatures
  3 scorpions (D:4)
  Terence (D:3)
  Natasha (thrice) (D:3)
  2 adders (D:2)
  A dart slug (D:4)
  8 ball pythons
  4 endoplasms
  6 goblins
  6 hobgoblins
  7 jackals
  A quokka (D:1)
  2 bats
  3 frilled lizards
  A rat (D:3)
48 creatures vanquished.

Vanquished Creatures (collateral kills)
  Blork the orc (D:4)
1 creature vanquished.

Grand Total: 49 creatures vanquished

Notes
Turn   | Place    | Note
-------+----------+-------------------------------------------
     0 | D:1      | mopl the Deep Elf Enchanter began the quest for the Orb.
     0 | D:1      | Reached XP level 1. HP: 10/10 MP: 6/6
   261 | D:1      | Reached XP level 2. HP: 16/16 MP: 8/8
   264 | D:1      | Learned a level 2 spell: Ensorcelled Hibernation
   827 | D:2      | Found a shimmering altar of Xom.
   866 | D:2      | Found a faded altar of an unknown god.
   916 | D:2      | Reached skill level 4 in Stealth
  1127 | D:2      | Reached XP level 3. HP: 18/20 MP: 0/10
  1289 | D:2      | Found Ziqidgh's Book Shop.
  1522 | D:2      | Reached skill level 1 in Fighting
  1601 | D:3      | Noticed Natasha
  1613 | D:3      | Killed Natasha
  1614 | D:3      | Reached XP level 4. HP: 10/25 MP: 8/11
  1692 | D:3      | Noticed Natasha
  1696 | D:3      | Killed Natasha
  1697 | D:3      | Reached skill level 2 in Short Blades
  1843 | D:3      | Reached skill level 4 in Spellcasting
  1889 | D:3      | Noticed Terence
  1895 | D:3      | Killed Terence
  1908 | D:3      | Learned a level 3 spell: Confusing Touch
  1912 | D:3      | Learned a level 3 spell: Tukima's Dance
  2112 | D:3      | Noticed Natasha
  2120 | D:3      | Killed Natasha
  2121 | D:3      | Reached XP level 5. HP: 26/29 MP: 8/13
  2168 | D:4      | Reached skill level 5 in Hexes
  2259 | D:4      | Reached skill level 5 in Stealth
  2415 | D:4      | Noticed Blork the orc
  2424 | D:4      | Killed Blork the orc
  2425 | D:4      | Reached skill level 2 in Fighting
  2425 | D:4      | Reached XP level 6. HP: 19/35 MP: 10/14
  2517 | D:4      | Noticed Sigmund
  2531 | D:4      | Reached skill level 3 in Short Blades
  2545 | D:4      | Killed from afar by Sigmund

Illustrated notes

Levels and vault maps discovered:
D:1:      eino_arrival_cavern_d, layout_loops_cross
D:2:      layout_loops_ring, hellmonk_ecumenical_altar_blasted, serial_shops,
          nicolae_shop_competitors_out_of_business, basic_altar
D:3:      layout_basic, corexii_hall_statues_l, kennysheep_path_1, uniq_natasha,
          uniq_terence
D:4:      layout_basic, palyth_stone_intersect, serial_bayou_pond_e,
          uniq_blork_the_orc, uniq_sigmund

Skill      XL: |  1  2  3  4  5  6 |
---------------+-------------------+-----
Stealth        | 4 5 |  5.4
Fighting       | 1 2 |  2.2
Short Blades   | 2 3 |  3.0
Spellcasting   | 4 |  4.9
Hexes          | 5 |  5.6
Dodging        | |  2.4

Action                     |  1- 3 |  4- 6 || total
---------------------------+-------+-------++-------
  Melee: Dagger            |    73 |    49 ||   122
  Throw: Dart              |     1 |       ||     1
   Cast: Ensorcelled Hiber |     8 |    13 ||    21
         Tukima's Dance    |       |     1 ||     1
   Stab: Sleeping          |    13 |    11 ||    24
         Distracted        |       |     1 ||     1
 Armour: Robe              |     7 |    11 ||    18
  Dodge: Dodged            |    40 |    25 ||    65

Table legend: (Time is in decaauts)
 A = Elapsed time spent in this place.
 B = Non-inter-level travel time spent in this place.
 C = Inter-level travel time spent in this place.
 D = Time resting spent in this place.
 E = Time spent auto-exploring this place.
 F = Levels seen in this place.
 G = Mean time per level.
                   A        B        C        D        E       F      G
               +--------+--------+--------+--------+--------+-----+--------+
         Total |   2534 |   2463 |     71 |    288 |   1726 |   4 |  633.5 |
       Dungeon |   2534 |   2463 |     71 |    288 |   1726 |   4 |  633.5 |
               +--------+--------+--------+--------+--------+-----+--------+

Top non-repeatable levels by time:
     D:1: 824 daAuts
     D:2: 771 daAuts
     D:3: 557 daAuts
     D:4: 381 daAuts
